 Dungeon Crawl Stone Soup version 0.31-a0-161-gb58dd9be76 (webtiles) character file.

Game seed: 7353854466230549690

51 qw the Shooter (level 3, -1/23 HPs)
             Began as a Gargoyle Hunter on June 12, 2023.
             Slain by a rat (2 damage)
             ... on level 2 of the Dungeon.
             The game lasted 00:00:29 (996 turns).

qw the Shooter (Gargoyle Hunter)                     Turns: 996, Time: 00:00:30

Health: -1/23      AC:  8    Str: 14    XL:     3   Next: 83%
Magic:  3/3        EV: 11    Int:  9    God:
Gold:   60         SH:  0    Dex: 15    Spells: 2/2 levels left

rFire   . . .        Y - +0 shortbow
rCold   . . .        (shield currently unavailable)
rNeg    + . .        c - +0 leather armour
rPois   inf          (no helmet)
rElec   +            (no cloak)
rCorr   .            k - +1 pair of gloves
SInv    .            (no boots)
Will    .....        (no amulet)
Stlth   ++           (no ring)
HPRegen 0.23/turn    (no ring)
MPRegen 0.08/turn

%: no passive effects
@: no status effects
A: sickness immunity, AC +3, negative energy resistance 1, electricity
resistance, torment resistance 1, petrification resistance
a: no special abilities


You were on level 2 of the Dungeon.
You visited 1 branch of the dungeon, and saw 2 of its levels.

You collected 60 gold pieces.


Innate Abilities, Weirdness & Mutations

You are immune to sickness and miasma.
Your stone body is resilient. (AC +3)
You are immune to poison.
You resist negative energy. (rN+)
You are resistant to electric shocks. (rElec)
You are resistant to unholy torment.
You are immune to petrification.


   Skills:
 - Level 3.0 Fighting
 + Level 5.0 Ranged Weapons
 - Level 1.5 Dodging
 - Level 1.1 Stealth


You had 2 spell levels left.
You didn't know any spells.
Your spell library was empty.

Inventory:

Hand Weapons
 Y - a +0 shortbow (weapon)
Armour
 c - a +0 leather armour (worn)
 e - a +0 ring mail
 k - a +1 pair of gloves (worn)
Scrolls
 a - 2 scrolls of identify {unknown}
 b - 3 scrolls of teleportation {unknown}
Potions
 d - a potion of might {unknown}
 g - a potion of berserk rage {unknown}
 h - a potion of curing {unknown}
 i - a potion of degeneration {unknown}
 l - a potion of lignification {unknown}

Dungeon Overview and Level Annotations

Branches:
Dungeon (2/15)

Altars:

Annotations:
D:2 Natasha


Message History

The giant cockroach bites you but does no damage.
Natasha claws you but does no damage.
You shoot an arrow. The arrow barely misses Natasha.
The giant cockroach closely misses you. The rat closely misses you.
Natasha casts a spell at you. The magic dart hits you.
You shoot an arrow. The arrow closely misses Natasha.
The giant cockroach closely misses you. The rat closely misses you.
Natasha closely misses you. The giant cockroach bites you.
The rat closely misses you.
You shoot an arrow. The arrow barely misses Natasha.
The giant cockroach bites you but does no damage.
Natasha claws you but does no damage. The rat completely misses you.
You shoot an arrow.
The arrow hits Natasha but does no damage.
Natasha is heavily wounded.
The giant cockroach bites you. Natasha barely misses you.
The rat bites you but does no damage. The giant cockroach closely misses you.
Natasha claws you.
You shoot an arrow. The arrow misses Natasha.
The rat completely misses you.
The giant cockroach bites you but does no damage.
Natasha barely misses you.
You shoot an arrow. The arrow hits Natasha.
Natasha is severely wounded.
The giant cockroach bites you. The rat closely misses you.
Natasha closely misses you.
You shoot an arrow. The arrow barely misses Natasha.
The giant cockroach bites you but does no damage.
The rat twitches its whiskers.
The rat bites you but does no damage. Natasha closely misses you.
The giant cockroach completely misses you.
You shoot an arrow. The arrow hits Natasha.
Natasha is almost dead.
The rat closely misses you. Natasha claws you.
The giant cockroach barely misses you. The rat bites you but does no damage.
You shoot an arrow. The arrow hits Natasha.
Natasha is almost dead.
The giant cockroach barely misses you. Natasha claws you. The rat bites you.
You die...

#.######.#......
#........#......
#####.....#.....
##.###.....## .#### #..#
........
.....#######.##.......##
........................
........%###.##.......##
......h@..##.# .......
......Br)....# ...
.......)####.# ..
......#.# .... .
......##. ##... ...... .
. # ..... . ####. #!


You could see Natasha, a giant cockroach and a rat.

Vanquished Creatures
  A worm (D:2)
  A dart slug (D:1)
  3 bats
  4 endoplasms
  2 giant cockroaches
  5 hobgoblins
  4 jackals (D:1)
  3 quokkas
  4 ball pythons (D:1)
  3 frilled lizards
  3 goblins
  4 kobolds
  4 rats
41 creatures vanquished.

Notes
Turn   | Place    | Note
-------+----------+-------------------------------------------
     0 | D:1      | qw the Gargoyle Hunter began the quest for the Orb.
     0 | D:1      | Reached XP level 1. HP: 12/12 MP: 1/1
     0 | D:1      | 0 ||| qw: Version: 0.2-a-29-gc1b59c4
     0 | D:1      | 0 ||| qw: Game counter: 4236
     0 | D:1      | 0 ||| qw: Always use a shield: true
     0 | D:1      | 0 ||| qw: God list: Okawaru
     0 | D:1      | 0 ||| qw: Allow faded altars: false
     0 | D:1      | 0 ||| qw: Do Orc after D:15 true
     0 | D:1      | 0 ||| qw: Do second Lair branch before Depths: true
     0 | D:1      | 0 ||| qw: Lair rune preference: random
     0 | D:1      | 0 ||| qw: Plans: Normal, Zot:1-4, Slime:5, God:TSO, Crypt,
                  | Tomb, Abyss, Pan, Hells, Win
     0 | D:1      | 0 ||| PLANNING D:1-11
    63 | D:1      | Reached XP level 2. HP: 13/17 MP: 2/2
   705 | D:1      | Reached XP level 3. HP: 21/21 MP: 3/3
   711 | D:1      | Reached skill level 5 in Ranged Weapons
   785 | D:1      | 785 ||| UPGRADING to +0 pair of gloves.
   790 | D:1      | 790 ||| READING 2 scrolls labelled FAGUUN KYR.
   791 | D:1      | 791 ||| READING scroll of enchant armour.
   791 | D:1      | 791 ||| ENCHANTING +0 pair of gloves.
   792 | D:1      | 792 ||| READING scroll labelled MUSOCU ISISCHA.
   793 | D:1      | 793 ||| READING scroll labelled YMIYMO TARI.
   794 | D:1      | 794 ||| READING scroll labelled GAIG RYMYITIES.
   795 | D:1      | 795 ||| DROPPING scroll of butterflies.
   975 | D:2      | Reached skill level 3 in Fighting
   977 | D:2      | Noticed Natasha
   995 | D:2      | HP: 4/23 [Natasha (4)]
   996 | D:2      | HP: 1/23 [Natasha (3)]
   996 | D:2      | Slain by a rat

Levels and vault maps discovered:
D:1:      tarquinn_simple_flora_water_a, layout_loops_ring,
          kennysheep_pointless_box, minmay_shallow_snake_nest
D:2:      layout_rooms, grunt_decor_fettered, minmay_hexomino_f4, uniq_natasha

Skill      XL: |  1  2  3 |
---------------+----------+-----
Ranged Weapons | 5 |  5.0
Fighting       | 3 |  3.0
Dodging        | |  1.5
Stealth        | |  1.1

Action                     || total
---------------------------++-------
   Fire: Shortbow          ||   136
    Use: Scroll            ||     5
 Armour: Leather armour    ||    29
  Dodge: Dodged            ||    67

Table legend:
 A = Non-vault XP
 B = Vault XP
 C = Vault XP percentage of total XP
 D = Non-vault monster count
 E = Vault monster count
 F = Vault count percentage of total count
                 A         B        C        D         E       F
            +---------+---------+-------+---------+---------+-------
      Total |      67 |       7 |   9.5 |      37 |       4 |   9.8
            +---------+---------+-------+---------+---------+-------
        D:1 |      41 |       3 |   6.8 |      24 |       2 |   7.7
        D:2 |      26 |       4 |  13.3 |      13 |       2 |  13.3
            +---------+---------+-------+---------+---------+-------
